 Dungeon Crawl Stone Soup version 0.19.1-1-g22dce08 (webtiles) character file.

12985 Dolanko the Basher (level 11, -5/84 HPs)
             Began as a Demonspawn Fighter on Jan 11, 2017.
             Was a Priest of Makhleb.
             Slain by Gastronok (39 damage)
             ... on level 1 of the Lair of Beasts.
             The game lasted 00:31:31 (11525 turns).

Dolanko the Basher (Demonspawn Fighter)            Turns: 11525, Time: 00:31:31

Health: -5/84      AC: 15    Str: 24    XL:     11   Next: 69%
Magic:  15/15      EV:  5    Int:  9    God:    Makhleb [***...]
Gold:   704        SH: 11    Dex: 12    Spells: 0 memorised, 10 levels left

rFire  . . .     SeeInvis .     d - +0 whip (freeze)
rCold  . . .     Gourm    .     w - +2 plate armour
rNeg   . . .     Faith    .     c - +0 shield
rPois  .         Spirit   .     (no helmet)
rElec  .         Reflect  .     (no cloak)
rCorr  .         Harm     +     (no gloves)
MR     .....                    (no boots)
Stlth  ..........               I - amulet of harm
                                F - ring of flight
                                K - +3 ring of strength

@: slowed, very slow
A: talons 2, nightstalker 1, spiny 3
a: Minor Destruction, Lesser Servant of Makhleb, Renounce Religion, Evoke Flight


You were on level 1 of the Lair of Beasts.
You worshipped Makhleb.
Makhleb was most pleased with you.
You were hungry.

You visited 3 branches of the dungeon, and saw 13 of its levels.

You collected 704 gold pieces.

Inventory:

Hand Weapons
 a - a +0 flail
 d - a +0 whip of freezing (weapon)
 E - a +0 morningstar
Armour
 c - a +0 shield (worn)
 w - a +2 plate armour (worn)
Jewellery
 l - an uncursed ring of fire
 F - a ring of flight (right hand)
 I - an amulet of harm (around neck)
 K - a +3 ring of strength (left hand)
 O - an uncursed ring of protection from magic
Wands
 b - a wand of digging (9/24)
 o - a wand of acid (6/15)
 u - a wand of lightning (5/15)
 x - a wand of acid (6/15)
 z - a wand of disintegration (14/24)
 B - a wand of iceblast (11/15)
 C - a wand of confusion (13/48)
 D - a wand of digging (10/24)
 L - a wand of lightning (3/15)
 M - a wand of polymorph (12/24)
 N - a wand of flame (19/48)
 S - a wand of heal wounds (3/9)
Scrolls
 e - 6 scrolls of identify
 j - 3 scrolls of remove curse
 k - a scroll of magic mapping
 s - 4 scrolls of teleportation
 P - a scroll of brand weapon {unknown}
 Q - a scroll of amnesia
 R - 3 scrolls of recharging
 T - a scroll of acquirement {unknown}
Potions
 i - a potion of berserk rage
 m - a potion of invisibility
 r - a potion of curing
 t - 2 potions of brilliance
 A - a potion of lignification
 H - 3 potions of might
 J - 3 potions of heal wounds
Books
 v - a book of Geomancy

   Spells                             Type                      Level
   a - Sandblast                      Earth                        1
   b - Passwall                       Transmutation/Earth          2
   c - Stone Arrow                    Conjuration/Earth            3
   d - Petrify                        Transmutation/Earth          4
   e - Lee's Rapid Deconstruction     Earth                        5
 y - a book of Air

   Spells                             Type                      Level
   a - Shock                          Conjuration/Air              1
   b - Swiftness                      Charms/Air                   2
   c - Repel Missiles                 Charms/Air                   2
   d - Static Discharge               Conjuration/Air              3
   e - Lightning Bolt                 Conjuration/Air              5
 G - a book of Misfortune

   Spells                             Type                      Level
   a - Confusing Touch                Hexes                        1
   b - Confuse                        Hexes                        3
   c - Gell's Gravitas                Hexes/Translocation          3
   d - Petrify                        Transmutation/Earth          4
   e - Metabolic Englaciation         Hexes/Ice                    5
   f - Yara's Violent Unravelling     Hexes/Transmutation          5
Comestibles
 f - 6 bread rations
 g - 2 beef jerkies
 h - 5 meat rations
 n - 2 slices of pizza
 p - 28 fruits
 q - 12 royal jellies


   Skills:
 - Level 7.0 Fighting
 * Level 12.4 Maces & Flails
 - Level 6.6 Armour
 + Level 7.9 Shields
 + Level 6.2 Invocations


You had 10 spell levels left.
You didn't know any spells.

Dungeon Overview and Level Annotations

Branches:
Dungeon (11/15)            Temple (1/1) D:7            Lair (1/6) D:8
    Orc (0/2) D:11

Altars:
Ashenzari
Cheibriados
Elyvilon
Fedhas
Gozag
Hepliaklqana
Kikubaaqudgha
Makhleb
Nemelex Xobeh
Okawaru
Qazlal
Ru
Sif Muna
Trog
Uskayaw
Xom
Yredelemnul
Zin
The Shining One

Shops:
D:4 !   D:5 ?   D:10 %   D:11 ([

Annotations:
D:10 Maurice
Lair:1 Gastronok


Innate Abilities, Weirdness & Mutations

You have razor-sharp toenails.
You are slightly more attuned to the shadows.
You are completely covered in sharp spines.


Message History

The iron shot hits the komodo dragon.
The komodo dragon bites your ynoxinul!!
You hear an angry hiss.
You hit Gastronok but do no damage. You claw Gastronok, but do no damage.
Gastronok is lightly wounded.
Gastronok gurgles, "A snack!
A snack!"
You block Gastronok's attack.
Your ynoxinul gestures.
The komodo dragon bites your ynoxinul.
Your ynoxinul dies!
Your ufetubus disappears in a puff of smoke! x3
The komodo dragon hisses angrily.
A komodo dragon comes into view.
You hit Gastronok but do no damage.
Gastronok is lightly wounded.
A demon appears!
The komodo dragon hisses menacingly.
The komodo dragon is struck by your spines.
The komodo dragon bites you! Gastronok is struck by your spines.
Gastronok bites you!!
You die...

...... ..... ......
#..... ......#...l..
.............
...........[.
.....wPl...#
###@....# #....§.##
#4#...## #+.+### ###
### ###.8.#
..####.#####.#...###
..........##.......#
..........#†........#
........#............


You could see Gastronok, 2 komodo dragons and a friendly hellwing.

Vanquished Creatures
  Harold (D:10)
  Erica (D:10)
  Pikel (D:4)
  An orc knight (D:11)
  A hill giant (D:10)
  Joseph (D:8)
  A spiny frog (Lair:1)
  A troll (D:10)
  2 hornets
  2 hippogriffs
  Sigmund (D:5)
  12 yaks
  A basilisk (D:11)
  2 hungry ghosts (D:8)
  A steam dragon (D:11)
  A soldier ant (D:9)
  A water moccasin (Lair:1)
  A porcupine (Lair:1)
  Duvessa (D:6)
  4 ice beasts
  4 orc warriors
  A sky beast (D:11)
  A black bear (D:9)
  A necrophage (D:5)
  4 phantoms
  5 centaurs
  6 ogres
  A crocodile (D:9)
  A big kobold (D:9)
  Blork the orc (D:5)
  5 bullfrogs
  Dowan (D:6)
  6 scorpions
  A water moccasin skeleton (D:7)
  2 killer bees (D:11)
  5 howler monkeys
  4 wights (D:9)
  An electric eel (D:6)
  A bullfrog zombie (D:11)
  3 crimson imps
  A quasit (D:7)
  8 orc priests
  7 hounds
  3 gnoll shamans
  2 jellies
  3 centaur skeletons
  3 bullfrog skeletons
  4 iguanas
  17 orc wizards
  7 worker ants
  A hound zombie (D:5)
  A hound skeleton (D:9)
  A worker ant zombie (D:10)
  12 gnolls
  20 adders
  3 shadow imps
  2 adder zombies
  A worm (D:2)
  9 dart slugs
  7 leopard geckos
  39 orcs
  9 bats
  7 giant cockroaches
  3 goblins
  2 hobgoblins (D:1)
  4 jackals (D:7)
  2 frilled lizards
  A jackal zombie (D:9)
  11 kobolds
  7 rats
288 creatures vanquished.

Vanquished Creatures (collateral kills)
  An ogre (D:11)
  An orc wizard (D:11)
2 creatures vanquished.

Vanquished Creatures (others)
  2 slaves (D:4)
  2 ogres (D:4)
  A crimson imp (D:8)
  An orc wizard (D:8)
  A worker ant (D:11)
  An adder (D:11)
8 creatures vanquished.

Grand Total: 298 creatures vanquished

Notes
Turn   | Place    | Note
-------+----------+-------------------------------------------
     0 | D:1      | Dolanko the Demonspawn Fighter began the quest for the Orb.
     0 | D:1      | Reached XP level 1. HP: 18/18 MP: 1/1
    31 | D:1      | Reached skill level 2 in Maces & Flails
   338 | D:1      | Gained mutation: You are partially covered in sharp spines. [demonic ancestry]
   338 | D:1      | Reached XP level 2. HP: 24/24 MP: 2/2
   925 | D:2      | Gained mutation: You are mostly covered in sharp spines. [demonic ancestry]
   925 | D:2      | Reached XP level 3. HP: 25/29 MP: 3/3
  1485 | D:2      | Reached skill level 3 in Maces & Flails
  1706 | D:2      | Gained mutation: You are slightly more attuned to the shadows. [demonic ancestry]
  1706 | D:2      | Reached XP level 4. HP: 35/35 MP: 4/4
  1746 | D:2      | Found a blossoming altar of Fedhas.
  2048 | D:3      | Gained mutation: You are completely covered in sharp spines. [demonic ancestry]
  2048 | D:3      | Reached XP level 5. HP: 29/41 MP: 5/5
  2190 | D:3      | Found a sacrificial altar of Ru.
  2704 | D:4      | Reached skill level 4 in Maces & Flails
  2704 | D:4      | Reached XP level 6. HP: 28/48 MP: 6/6
  2802 | D:4      | Noticed a slave
  2803 | D:4      | Noticed a slave
  2804 | D:4      | Noticed Pikel
  2806 | D:4      | Noticed a slave
  2807 | D:4      | Noticed a slave
  2820 | D:4      | Killed Pikel
  2820 | D:4      | Reached skill level 5 in Maces & Flails
  2820 | D:4      | Gained mutation: You have sharp toenails. [demonic ancestry]
  2820 | D:4      | Reached XP level 7. HP: 29/55 MP: 7/7
  2965 | D:4      | Found Xor Oza's Distillery.
  3419 | D:5      | Entered Level 5 of the Dungeon
  3439 | D:5      | Noticed Blork the orc
  3440 | D:5      | Noticed Sigmund
  3445 | D:5      | Gained mutation: You have a pair of small horns on your head. [potion of mutation]
  3445 | D:5      | Gained mutation: Your muscles are strong. (Str +2) [potion of mutation]
  3445 | D:5      | Gained mutation: You are robust. (+10% HP) [potion of mutation]
  3448 | D:5      | Killed Sigmund
  3448 | D:5      | Reached XP level 8. HP: 62/67 MP: 8/8
  3456 | D:5      | Killed Blork the orc
  3456 | D:5      | Reached skill level 5 in Fighting
  3457 | D:5      | Reached skill level 6 in Maces & Flails
  3483 | D:5      | Reached skill level 5 in Armour
  3483 | D:5      | Reached skill level 5 in Shields
  3900 | D:5      | Found Kapsif's Magic Scroll Emporium.
  3927 | D:5      | Found a basalt altar of Yredelemnul.
  4329 | D:6      | Noticed Duvessa
  4336 | D:6      | Noticed Dowan
  4478 | D:6      | Killed Duvessa
  4484 | D:6      | Killed Dowan
  4527 | D:6      | Reached skill level 7 in Maces & Flails
  4527 | D:6      | Reached XP level 9. HP: 75/75 MP: 9/9
  5073 | D:6      | Found a stormy altar of Qazlal.
  5344 | D:7      | Found a staircase to the Ecumenical Temple.
  5359 | Temple   | Entered the Ecumenical Temple
  5363 | Temple   | Became a worshipper of Makhleb the Destroyer
  5427 | D:7      | Reached skill level 8 in Maces & Flails
  5653 | D:7      | Found a white marble altar of Elyvilon.
  5812 | D:7      | Found a deep blue altar of Sif Muna.
  5962 | D:7      | Reached * piety under Makhleb
  6430 | D:8      | Found a staircase to the Lair.
  6558 | D:8      | Reached XP level 10. HP: 86/86 MP: 10/10
  6853 | D:8      | Noticed Joseph
  6867 | D:8      | Killed Joseph
  6867 | D:8      | Reached skill level 9 in Maces & Flails
  7585 | D:9      | Found an ancient bone altar of Kikubaaqudgha.
  7723 | D:9      | Reached skill level 10 in Maces & Flails
  7970 | D:9      | Reached ** piety under Makhleb
  8024 | D:9      | Found a snail-covered altar of Cheibriados.
  8853 | D:9      | Found a glowing golden altar of the Shining One.
  8859 | D:9      | Found a hazy altar of Hepliaklqana.
  8859 | D:9      | Found a sparkling altar of Nemelex Xobeh.
  8860 | D:9      | Found an opulent altar of Gozag.
  8969 | D:9      | Reached skill level 11 in Maces & Flails
  9009 | D:10     | Entered Level 10 of the Dungeon
  9071 | D:10     | Reached skill level 1 in Invocations
  9102 | D:10     | Noticed Erica
  9110 | D:10     | Killed Erica
  9135 | D:10     | Noticed a hill giant
  9155 | D:10     | Killed a hill giant
  9155 | D:10     | Gained mutation: You have razor-sharp toenails. [demonic ancestry]
  9155 | D:10     | Reached XP level 11. HP: 90/92 MP: 13/13
  9306 | D:10     | Noticed Harold
  9316 | D:10     | Killed Harold
  9330 | D:10     | Reached *** piety under Makhleb
  9826 | D:10     | Found Neuganyi's Food Emporium.
  9977 | D:11     | Reached skill level 5 in Invocations
 10211 | D:11     | Reached skill level 12 in Maces & Flails
 10424 | D:11     | Found Loet's Weapon Shoppe.
 10425 | D:11     | Found a staircase to the Orcish Mines.
 10425 | D:11     | Noticed an orc knight
 10432 | D:11     | Found Koyr's Armour Shoppe.
 10452 | D:11     | Killed an orc knight
 11004 | D:10     | Noticed Maurice
 11050 | D:10     | Gained mutation: You are covered in fur. (AC +1) [potion of beneficial mutation]
 11172 | Lair:1   | Entered Level 1 of the Lair of Beasts
 11382 | Lair:1   | Lost mutation: Your muscles are strong. (Str +2) [potion of cure mutation]
 11382 | Lair:1   | Lost mutation: You are covered in fur. (AC +1) [potion of cure mutation]
 11382 | Lair:1   | Lost mutation: You have a pair of small horns on your head. [potion of cure mutation]
 11382 | Lair:1   | Lost mutation: You are robust. (+10% HP) [potion of cure mutation]
 11510 | Lair:1   | Noticed Gastronok
 11525 | Lair:1   | Slain by Gastronok

Skill      XL: |  1  2  3  4  5  6  7  8  9 10 11 |
---------------+----------------------------------+-----
Maces & Flails | 2 3 4 5 7 8 11 12 | 12.4
Shields        | 3 4 5 6 7 |  7.9
Armour         | 3 4 5 6 |  6.6
Fighting       | 4 5 7 |  7.0
Invocations    | 3 6 |  6.2

Action                   |  1- 3 |  4- 6 |  7- 9 | 10-12 || total
-------------------------+-------+-------+-------+-------++-------
Melee: Flail             |    80 |    91 |       |       ||   171
       Whip              |       |       |   383 |   509 ||   892
       Kick              |       |       |   130 |   178 ||   308
       Headbutt          |       |       |    90 |   115 ||   205
Invok: Lesser Servant of |       |       |       |     5 ||     5
Evoke: Wand              |       |       |       |     8 ||     8
  Use: Potion            |       |     1 |     4 |     6 ||    11
       Scroll            |       |       |     5 |    13 ||    18
 Stab: Confused          |       |       |       |     1 ||     1
  Eat: Chunk             |     3 |     1 |    10 |    10 ||    24
       Bread ration      |       |     1 |       |     1 ||     2
       Royal jelly       |       |       |       |     1 ||     1
Armor: Scale mail        |    31 |    26 |       |       ||    57
       Plate armour      |       |    24 |   128 |   107 ||   259
Dodge: Dodged            |    21 |    20 |    54 |    50 ||   145
Block: Shield            |    32 |    49 |   173 |   159 ||   413
